 Dungeon Crawl Stone Soup version 0.30.1-3-gfc49f6343a (webtiles) character file.

Game seed: 12584483336531772214

25 Bronimir the Cudgeller (level 3, -12/17 (22) HPs)
             Began as a Gargoyle Reaver on July 29, 2023.
             Killed by divine providence
             ... invoked by an orc priest
              (14 damage)
             ... on level 2 of the Dungeon.
             The game lasted 00:02:15 (636 turns).

Bronimir the Cudgeller (Gargoyle Reaver)             Turns: 636, Time: 00:02:15

HP:   -12/17 (22)   AC: 11    Str: 17    XL:     3   Next: 6%
MP:   6/6           EV: 10    Int: 13    God:
Gold: 73            SH:  0    Dex:  8    Spells: 5/6 levels left

rFire   . . .        a - +0 mace
rCold   . . .        (no shield)
rNeg    + . .        i - +0 ring mail
rPois   ∞            (no helmet)
rElec   +            (no cloak)
rCorr   .            j - +2 pair of gloves
SInv    .            (no boots)
Will    .....        (no amulet) Stlth
                     (no ring)
HPRegen 0.22/turn    (no ring)
MPRegen 0.10/turn

%: no passive effects
@: heavily drained
A: sickness immunity, AC +3, negative energy resistance 1, electricity
resistance, torment resistance 1, petrification resistance
a: no special abilities


You were on level 2 of the Dungeon.
You visited 1 branch of the dungeon, and saw 2 of its levels.

You collected 73 gold pieces.

Inventory:

Hand Weapons
 a - a +0 mace (weapon)
Missiles
 e - 14 stones
Armour
 b - a +0 leather armour
 f - a +0 pair of gloves
 i - a +0 ring mail (worn)
 j - a +2 pair of gloves (worn)
Scrolls
 c - 2 scrolls of identify {unknown}
 g - a scroll of teleportation {unknown}
 h - a scroll of vulnerability {unknown}
 k - a scroll of fear {unknown}
 o - a scroll of fog {unknown}
 p - a scroll of enchant armour {unknown}
Potions
 d - 2 potions of curing {unknown}
 l - a potion of flight {unknown}
 m - a potion of heal wounds {unknown}
 n - a potion of haste {unknown}


   Skills:
 + Level 2.3 Fighting
 * Level 3.6 Maces & Flails
 * Level 0.2 Armour
 + Level 1.9 Dodging
 + Level 2.0 Spellcasting
 + Level 3.4 Conjurations


You had 5 spell levels left.
You knew the following spells:

 Your Spells              Type           Power      Damage    Failure   Level
a - Kiss of Death         Conj/Necr      20%        2d7       22%         1

Your spell library contained the following spells:

 Spells                   Type           Power      Damage    Failure   Level
 Momentum Strike          Conj/Tloc      10%        3d8       34%         2
 Hailstorm                Conj/Ice       5%         3d4       56%         3
 Summon Ice Beast         Ice/Summ       1%         N/A       99%         4
 Summon Mana Viper        Hex/Summ       1%         N/A       100%        5
 Monstrous Menagerie      Summ           0%         N/A       100%        7


Dungeon Overview and Level Annotations

Branches:
Dungeon (2/15)

Altars:


Innate Abilities, Weirdness & Mutations

You are immune to sickness and miasma.
Your stone body is resilient. (AC +3)
You are immune to poison.
You resist negative energy. (rN+)
You are resistant to electric shocks. (rElec)
You are resistant to unholy torment.
You are immune to petrification.


Message History

Done exploring.
Done exploring.
(D) Dungeon
Where to? (? - help)
There is a stone staircase leading down here.
You climb downwards.
There is a stone staircase leading up here.
p - a scroll labelled UDUSUFFOAFE A giant cockroach comes into view.
A giant cockroach is nearby!
Found a stone staircase leading down.
You closely miss the giant cockroach.
The giant cockroach bites you but does no damage.
You sock the giant cockroach!
You kill the giant cockroach!
No target in view!
You see here a giant cockroach corpse.
An orc comes into view. It is wielding a +0 club.
The orc shouts!
An orc is nearby!
An orc is nearby!
An orc priest, an orc wizard and 2 orcs come into view.
The orc priest shouts!
The orc wizard shouts!
The orc shouts!
The orc wizard casts a spell at you. The puff of flame hits you.
The orc priest looks encouraged for a moment.
Found 23 gold pieces.
The orc priest calls down the wrath of Beogh upon you.
Beogh smites you!
Ouch! That really hurt!
* * * LOW HITPOINT WARNING * * *
The orc attacks as you move away! The orc hits you but does no damage.
The orc attacks as you move away! The orc hits you with a +0 dagger.
* * * LOW HITPOINT WARNING * * *
The orc attacks as you move away! The orc hits you but does no damage.
The orc attacks as you move away! The orc hits you but does no damage.
The orc priest invokes the aid of Beogh against you.
Beogh smites you!
Ouch! That really hurt!
You die...

$..........#
⌠..........#
$..........#
#..~...oo.#
#.....oo.#
########.#
.......o########
..>....o.o.o.o.#
......########@#
#####.#........#
..#.######## ##
#.# #.# #.# #.#
#.# #.#


You could see an orc priest, an orc wizard and 3 orcs.

Vanquished Creatures
  A dart slug (D:1)
  A ball python (D:1)
  4 endoplasms (D:1)
  2 giant cockroaches
  2 goblins (D:1)
  3 hobgoblins (D:1)
  3 kobolds (D:1)
  A quokka (D:1)
  A frilled lizard (D:1)
  2 rats (D:1)
20 creatures vanquished.

Notes
Turn   | Place    | Note
-------+----------+-------------------------------------------
     0 | D:1      | Bronimir the Gargoyle Reaver began the quest for the Orb.
     0 | D:1      | Reached XP level 1. HP: 12/12 MP: 3/3
   114 | D:1      | Reached XP level 2. HP: 17/17 MP: 5/5
   287 | D:1      | Found a faded altar of an unknown god.
   487 | D:1      | Reached XP level 3. HP: 14/17 MP: 6/6
   636 | D:2      | Killed from afar by an orc priest

Illustrated notes

Levels and vault maps discovered:
D:1:      minmay_arrival_shoal_huts, layout_rooms, ebering_ecumenical_altar_mist
D:2:      cheibrodos_pilgrimage, layout_basic

Action                     || total
---------------------------++-------
  Melee: Mace              ||    46
         Punch             ||     2
   Cast: Kiss of Death     ||     2
 Armour: Leather armour    ||    13
         Ring mail         ||     8
  Dodge: Dodged            ||    25
